[Event "Live Chess"]
[Site "Chess.com"]
[Date "2023.05.21"]
[Round "-"]
[White "kevinmilleruk"]
[Black "McSlash1"]
[Result "0-1"]
[WhiteElo "1150"]
[BlackElo "2007"]
[TimeControl "300"]
[EndTime "7:04:20 PDT"]
[Termination "McSlash1 won by resignation"]

1. c4 e5 2. Nc3 Nc6 3. g3 Nf6 4. Bg2 Bc5 5. d3 O-O 6. Bg5 d6 7. Nd5 Bxf2+ 8. Kxf2 Ng4+ 9. Ke1 Qxg5 10. h4 Qf5 11. b4 Qf2+ 12. Kd2 Qxg2 0-1

[Event "Live Chess"]
[Site "Chess.com"]
[Date "2023.05.21"]
[Round "-"]
[White "LL220284LL"]
[Black "SupremeTactician"]
[Result "0-1"]
[WhiteElo "2272"]
[BlackElo "2224"]
[TimeControl "300"]
[EndTime "7:04:28 PDT"]
[Termination "SupremeTactician won by resignation"]

1. Nf3 Nf6 2. b3 e6 3. Bb2 d5 4. e3 Be7 5. d4 O-O 6. Bd3 b6 7. O-O a6 8. Nbd2 Bb7 9. Qe2 Nbd7 10. Rad1 c5 11. e4 dxe4 12. Nxe4 Nxe4 13. Bxe4 Bxe4 14. Qxe4 Nf6 15. Qh4 Qc7 16. dxc5 Qxc5 17. c4 Rad8 18. Qf4 Bd6 19. Qg5 Qxg5 20. Nxg5 Bf4 21. Nf3 Ne4 22. g3 Bc7 23. Rfe1 Nc5 24. Ne5 Bxe5 25. Rxd8 Rxd8 26. Bxe5 Nd3 27. Rd1 Rd7 28. Bc3 f6 29. Kf1 Kf7 30. Ke2 Nc5 31. Rxd7+ Nxd7 32. Kd3 e5 33.
Bd2 Ke6 34. Be3 Kd6 35. b4 g6 36. f4 f5 37. fxe5+ Nxe5+ 38. Kc3 Kc6 39. a4 Ng4 40. b5+ axb5 41. axb5+ Kc7 42. h3 Nxe3 0-1

[Event "Live Chess"]
[Site "Chess.com"]
[Date "2023.05.21"]
[Round "-"]
[White "ameetghasi100"]
[Black "Mugzwang"]
[Result "1-0"]
[WhiteElo "2583"]
[BlackElo "1477"]
[TimeControl "300"]
[EndTime "7:04:28 PDT"]
[Termination "ameetghasi100 won by checkmate"]

1. d4 d5 2. Nc3 Nf6 3. Nf3 c5 4. Bg5 e6 5. e4 cxd4 6. Qxd4 Nc6 7. Bb5 Be7 8. exd5 Nxd5 9. Nxd5 exd5 10. Qxg7 Rf8 11.
O-O-O Bg4 12. Rhe1 Qb6 13. Bxc6+ Qxc6 14. Rxe7+ Kd8 15.
Qxf8+ Qe8 16. Qxe8# 1-0

[Event "Live Chess"]
[Site "Chess.com"]
[Date "2023.05.21"]
[Round "-"]
[White "HonestJoe1"]
[Black "matt1979"]
[Result "1-0"]
[WhiteElo "2092"]
[BlackElo "1552"]
[TimeControl "300"]
[EndTime "7:04:28 PDT"]
[Termination "HonestJoe1 won by resignation"]

1. d4 e6 2. e4 d5 3. e5 c5 4. Qg4 Nc6 5. Nf3 cxd4 6. Bd3 Qc7 7. Qg3 Nxe5 8. Qxe5 Qxe5+ 9. Nxe5 Bd6 10. Bb5+ Ke7 11.
Nd3 e5 12. O-O e4 13. Nf4 Nf6 14. c4 Be6 15. cxd5 Nxd5 16. Nxe6 Kxe6 17. Bc4 Rac8 18.
Bxd5+ Kxd5 19. Nd2 Rc7 20. b3 Rhc8 21. Nc4 Ke6 22.
Bb2 b5 23. Nxd6 Kxd6 24. Bxd4 1-0

[Event "Live Chess"]
[Site "Chess.com"]
[Date "2023.05.21"]
[Round "-"]
[White "Vitalii18a"]
[Black "WelshTiger"]
[Result "0-1"]
[WhiteElo "1128"]
[BlackElo "2328"]
[TimeControl "300"]
[EndTime "7:04:37 PDT"]
[Termination "WelshTiger won by resignation"]

1. e4 c5 2. c3 Nf6 3. Bd3 e5 4.
Bc2 d6 5. Nf3 Bg4 6. h3 Bxf3 7.
Qxf3 Nc6 8. d4 cxd4 9. cxd4 Nxd4 10. Qd1 Nxc2+ 11. Qxc2 Rc8 12. Qa4+ Qd7 13. Qxd7+ Kxd7 14. Be3 Nxe4 15. O-O b6 16. Nc3 Nxc3 17. bxc3 Rxc3 18. Rfd1 Be7 19. Rd2 Rhc8 20. a4 Rc1+ 21. Rxc1 Rxc1+ 22. Kh2 Ra1 23. f4 exf4 24. Bxf4 Rxa4 25. Bg3 h5 26.
Rf2 h4 27. Bf4 Bf6 28. Be3 Be5+ 29. g3 hxg3+ 30. Kg2 gxf2 0-1

[Event "Live Chess"]
[Site "Chess.com"]
[Date "2023.05.21"]
[Round "-"]
[White "DRS44"]
[Black "Ocelot32"]
[Result "0-1"]
[WhiteElo "1310"]
[BlackElo "1401"]
[TimeControl "300"]
[EndTime "7:04:44 PDT"]
[Termination "Ocelot32 won by resignation"]

1. e4 e6 2. d4 d5 3. e5 c5 4. c3 Nc6 5. Nf3 Qb6 6. Bd3 Bd7 7. O-O cxd4 8. cxd4 Nge7 9. Bg5 Ng6 10. Bxg6 hxg6 11.
Nc3 Be7 12. Bxe7 Nxe7 13. Ng5 Nf5 14. Qf3 Qd8 15. g4 Qxg5 16. Qg3 Nxd4 17. Rfe1 Nc2 18. f4 Qh4 19. Qg2 Nxe1 0-1

[Event "Live Chess"]
[Site "Chess.com"]
[Date "2023.05.21"]
[Round "-"]
[White "Inglaterra"]
[Black "martynstanley"]
[Result "1-0"]
[WhiteElo "2050"]
[BlackElo "1016"]
[TimeControl "300"]
[EndTime "7:04:47 PDT"]
[Termination "Inglaterra won by checkmate"]

1. d4 e6 2. e3 d5 3. Nf3 c5 4. c3 Nc6 5. Bd3 Qb6 6. O-O Nh6 7.
Nbd2 Nf5 8. dxc5 Bxc5 9. e4 dxe4 10. Nxe4 Nfe7 11. Nxc5 Qxc5 12. Be3 Qd5 13. Qc2 b6 14.
Rfd1 Qd8 15. Bb5 Qc7 16. Qe4 Bb7 17. Bf4 Qc8 18. Ne5 f6 19. Nd7 f5 20. Qxe6 a6 21. Bc4 b5 22. Qf7+ Kd8 23. Nb6+ Nd4 24. Rxd4+ Nd5 25. Nxc8 Kxc8 26. Bxd5 Rd8 27. Qc7# 1-0

[Event "Live Chess"]
[Site "Chess.com"]
[Date "2023.05.21"]
[Round "-"]
[White "Doge_Dandolo"]
[Black "LiamClery2020"]
[Result "0-1"]
[WhiteElo "1882"]
[BlackElo "1961"]
[TimeControl "300"]
[EndTime "7:05:09 PDT"]
[Termination "LiamClery2020 won by resignation"]

1. Nf3 Nf6 2. c4 Nc6 3. g3 e5 4. d3 d5 5. cxd5 Bb4+ 6. Nbd2 Nxd5 7. Bg2 O-O 8. a3 Bxd2+ 9. Nxd2 Nd4 10. b4 Nc3 11.
Qc2 Nxc2+ 0-1

[Event "Live Chess"]
[Site "Chess.com"]
[Date "2023.05.21"]
[Round "-"]
[White "Delacorta"]
[Black "jumush"]
[Result "0-1"]
[WhiteElo "1382"]
[BlackElo "1727"]
[TimeControl "300"]
[EndTime "7:05:22 PDT"]
[Termination "jumush won by checkmate"]

1. d4 d5 2. Nf3 c5 3. e3 e6 4. b3 Nf6 5. Bd3 Nc6 6. Bb2 Be7 7.
Nbd2 O-O 8. a3 b6 9. O-O Bb7 10.
Ne5 Nxe5 11. dxe5 Nd7 12. f4 Qc7 13. Rf3 Qc6 14. Rh3 g6 15. Rg3 f5 16. Qh5 Kg7 17. Qe2 Rf7 18. Bb5 Qc7 19. Nf3 a6 20.
Bxd7 Qxd7 21. Rd1 Qc6 22. Ng5 Bxg5 23. Rxg5 h6 24. Rg3 Kh7 25. Qd2 Rg8 26. Qf2 Rfg7 27.
Rh3 g5 28. Rg3 gxf4 29. Rxg7+ Rxg7 30. exf4 d4 31. Rd2 Qe4 32. g3 Qh1# 0-1

[Event "Live Chess"]
[Site "Chess.com"]
[Date "2023.05.21"]
[Round "-"]
[White "Pablo_dmp"]
[Black "GMHarry-youtube"]
[Result "0-1"]
[WhiteElo "1871"]
[BlackElo "2050"]
[TimeControl "300"]
[EndTime "7:05:24 PDT"]
[Termination "GMHarry-youtube won on time"]

1. e4 c5 2. a3 Nf6 3. e5 Nd5 4. Nf3 d6 5. Bc4 e6 6. O-O Nb6 7. Bb5+ Bd7 8. Bxd7+ Qxd7 9. exd6 Bxd6 10. d4 cxd4 11.
Qxd4 Nc6 12. Qxg7 O-O-O 13. Nc3 Rdg8 14. Qh6 Rg6 15. Qh3 Rhg8 16. g3 Ne7 17. Qxh7 Nf5 18. Ne4 Qc7 19. Nxd6+ Qxd6 20. Kh1 Qf8 21. Ne5 R6g7 22. Qh3 Rh8 23. Qg2 Rgh7 24. Ng4 Rg8 25. Nf6 Nh4 26. Nxh7 Qg7 27. Qe4 Nf5 28. Ng5 Rh8 29.
Nxe6 Qh7 30. h4 Nxg3+ 31. fxg3 Qxe4+ 32. Kh2 fxe6 33. Bf4 Nd5 34. Rae1 Qxc2+ 35. Kh3 Qc5 36. Be5 Ne3 37. Rc1 Nc4 38. Bxh8 Kd7 39. b3 Qc8 40. Rxc4 Qxh8 41. Rd1+ Ke7 42. Rc7+ Kf6 43. Rdd7 Qh6 44. Rf7+ Ke5 45. Rxb7 Qc1 46. Rxa7 Qh1+ 47. Kg4 Qe4+ 48. Rf4 Qe2+ 49. Kg5 Qe3 0-1

[Event "Live Chess"]
[Site "Chess.com"]
[Date "2023.05.21"]
[Round "-"]
[White "domrobson"]
[Black "elephantgerrald"]
[Result "1-0"]
[WhiteElo "1760"]
[BlackElo "667"]
[TimeControl "300"]
[EndTime "7:05:29 PDT"]
[Termination "domrobson won by checkmate"]

1. d4 d5 2. c4 dxc4 3. Nf3 Bg4 4.
Ne5 Bf5 5. Nxc4 Bxb1 6. Rxb1 Nf6 7.
e3 c6 8. Qb3 b5 9. Ne5 Qa5+ 10. Bd2 Qa4 11. Qxf7+ Kd8 12. Qe6 Qc2 13. Bd3 Qa4 14. O-O Nbd7 15. Nxc6+ Kc8 16. Rfc1 Kb7 17. Be4 Kb6 18. Ba5+ Ka6 19. b4 Rc8 20. Nb8# 1-0

[Event "Live Chess"]
[Site "Chess.com"]
[Date "2023.05.21"]
[Round "-"]
[White "Goblinbasher"]
[Black "AMCWAML"]
[Result "0-1"]
[WhiteElo "1213"]
[BlackElo "2269"]
[TimeControl "300"]
[EndTime "7:05:45 PDT"]
[Termination "AMCWAML won by resignation"]

1. e4 c6 2. d4 d5 3. exd5 cxd5 4. Nc3 Nf6 5. h3 Nc6 6. Nf3 Bf5 7. Bb5 e6 8. O-O Qc7 9. Ne5 Bd6 10. f4 O-O 11.
Bxc6 bxc6 12. Qe1 Bxc2 13. Qg3 Ne4 14. Nxe4 Bxe4 15. Ng4 Kh8 16. Nf2 Bf5 17. Ng4 c5 18. Ne3 Bd3 19. Rd1 cxd4 20. Rxd3 dxe3 21. Rc3 Qb6 22. Rb3 Qa6 23. Bxe3 Rac8 24. Bd4 f6 25. Re3 Rc4 26. Bc3 Bxf4 27. Qf3 Bxe3+ 28. Qxe3 Qb6 29. Qxb6 axb6 30. Rc1 d4 31. Bd2 Rxc1+ 32. Bxc1 Rc8 33. g4 Rxc1+ 0-1

[Event "Live Chess"]
[Site "Chess.com"]
[Date "2023.05.21"]
[Round "-"]
[White "Biranidun"]
[Black "Pandreq"]
[Result "1-0"]
[WhiteElo "2525"]
[BlackElo "1216"]
[TimeControl "300"]
[EndTime "7:05:53 PDT"]
[Termination "Biranidun won by resignation"]

1. e4 Nf6 2. e5 Nd5 3. d4 d6 4.
Nf3 Nc6 5. c4 Nb6 6. e6 Bxe6 7.
d5 Bxd5 8. cxd5 Nb4 9. Nc3 g6 10. a3 Na6 11. Bb5+ Nd7 12. Bxa6 bxa6 13. Qd4 Nf6 14.
O-O Bg7 15. Qa4+ Nd7 16. Re1 O-O 17. Bg5 Nb6 18. Qh4 f6 19. Be3 Nc4 20. Qxc4 1-0

[Event "Live Chess"]
[Site "Chess.com"]
[Date "2023.05.21"]
[Round "-"]
[White "WilliWeisswurst"]
[Black "siddu198"]
[Result "1-0"]
[WhiteElo "1768"]
[BlackElo "1616"]
[TimeControl "300"]
[EndTime "7:06:05 PDT"]
[Termination "WilliWeisswurst won by checkmate"]

1. e4 e5 2. Nf3 Nc6 3. Bc4 Nf6 4. d3 Bc5 5. O-O d6 6. h3 h6 7. c3 Be6 8. Bb3 Qe7 9. Re1 O-O-O 10. d4 exd4 11.
cxd4 Bxb3 12. axb3 Bb4 13. Nc3 Rhe8 14. d5 Ne5 15. Nxe5 Qxe5 16. Rxa7 Bxc3 17. bxc3 Qxc3 18. Bd2 Qe5 19. f3 Kd7 20. Rxb7 Rb8 21. Rxb8 Rxb8 22. Qc2 Rb6 23. Ba5 Ra6 24. Qxc7+ Ke8 25. Qd8# 1-0

[Event "Live Chess"]
[Site "Chess.com"]
[Date "2023.05.21"]
[Round "-"]
[White "GMMickeyAdams"]
[Black "FlyingChessKestrel13"]
[Result "1-0"]
[WhiteElo "2786"]
[BlackElo "2063"]
[TimeControl "300"]
[EndTime "7:06:10 PDT"]
[Termination "GMMickeyAdams won by resignation"]

1. e4 c6 2. d4 d5 3. Nd2 dxe4 4.
Nxe4 Nf6 5. Nxf6+ exf6 6. Be3 Be6 7. Ne2 Bd6 8. Nf4 Bf5 9. Be2 O-O 10. O-O Qc7 11.
Qd2 Nd7 12. h3 h6 13. Rfe1 Rfe8 14. Bd3 Bxd3 15. Nxd3 Nf8 16. Bf4 Bxf4 17. Nxf4 Rad8 18.
c3 Ng6 19. Nd3 b6 20. Re3 Rxe3 21. Qxe3 Qd7 22. Nb4 a5 23. Nc2 Re8 24. Qf3 Nh4 25.
Qg4 Qxg4 26. hxg4 Re2 27. Rc1 Ng6 28. Kf1 Re6 29. Ne3 Nf4 30. c4 Rd6 31. Rd1 Ne6 32.
d5 cxd5 33. Rxd5 Rc6 34. b3 g6 35. g3 Kf8 36. Ke2 Ke7 37. Kd2 Nc5 38. Rd4 Ke8 39.
Nd5 f5 40. gxf5 gxf5 41. Rf4 Ne4+ 42. Kd3 Nd6 43. Kd4 Kd7 44. Rh4 Ne4 45. Rf4 Nd6 46. f3 Ke6 47. Rh4 f6 48. Rxh6 Ne8 49. Rh7 Kd6 50.
f4 b5 51. Rh8 Nc7 52. Rd8+ Ke6 53. Rc8 1-0

[Event "Live Chess"]
[Site "Chess.com"]
[Date "2023.05.21"]
[Round "-"]
[White "PantherCal"]
[Black "Alfiedog12"]
[Result "1-0"]
[WhiteElo "1828"]
[BlackElo "891"]
[TimeControl "300"]
[EndTime "7:06:18 PDT"]
[Termination "PantherCal won by resignation"]

1. e4 c6 2. d4 d5 3. e5 Bf5 4. Nc3 e6 5. g4 Bg6 6. Nge2 Bb4 7.
Be3 Be4 8. Rg1 Qh4 9. h3 f6 10.
Bf4 fxe5 11. Bxe5 Nf6 12. Bg3 Qg5 13. f4 Qg6 14. Qd2 Bf3 15. O-O-O Ne4 16. Qe3 Bxc3 17. Qxf3 Nxg3 18. Nxg3 Ba5 19. Bd3 Qf7 20. f5 O-O 21.
Rgf1 Qf6 22. Qe3 Nd7 23. fxe6 Rae8 24. Rxf6 Nxf6 25. Nf5 Ne4 26. Bxe4 dxe4 27. Qxe4 Bd8 28. e7 Bxe7 29. Nxe7+ Kh8 30. Re1 Rf7 31. Ng6+ hxg6 32. Qxe8+ Kh7 33. Qxf7 1-0

[Event "Live Chess"]
[Site "Chess.com"]
[Date "2023.05.21"]
[Round "-"]
[White "YrrriKharkiv"]
[Black "jimwad"]
[Result "1-0"]
[WhiteElo "2068"]
[BlackElo "1220"]
[TimeControl "300"]
[EndTime "7:06:24 PDT"]
[Termination "YrrriKharkiv won by resignation"]

1. d4 d5 2. c4 c6 3. Nc3 Nf6 4. Bg5 Bf5 5. Bxf6 exf6 6. cxd5 cxd5 7. Qb3 Nc6 8. e3 Nb4 9. Bb5+ Nc6 10. Qxd5 Qxd5 11.
Nxd5 Bd6 12. Nf3 O-O 13. Bxc6 bxc6 14. Nc3 c5 15. O-O cxd4 16. Nxd4 Rab8 17. Nxf5 1-0

[Event "Live Chess"]
[Site "Chess.com"]
[Date "2023.05.21"]
[Round "-"]
[White "McSlash1"]
[Black "davigator"]
[Result "0-1"]
[WhiteElo "2005"]
[BlackElo "2305"]
[TimeControl "300"]
[EndTime "7:06:29 PDT"]
[Termination "davigator won by resignation"]

1. e4 c5 2. Nc3 Nc6 3. f4 g6 4. Nf3 Bg7 5. Bc4 Nh6 6. d3 O-O 7. O-O d6 8. f5 gxf5 9. Qe1 Ng4 10. h3 Nge5 11. Bb3 Nxf3+ 12. Rxf3 Ne5 13. Rf1 Kh8 14.
exf5 Bf6 15. Bh6 Rg8 16. Nd5 Bd7 17. Nxf6 exf6 18. Qh4 Bc6 19. Rae1 Rxg2+ 20. Kh1 Rg4+ 0-1

[Event "Live Chess"]
[Site "Chess.com"]
[Date "2023.05.21"]
[Round "-"]
[White "Singapourfeuj"]
[Black "Cimon"]
[Result "1-0"]
[WhiteElo "2197"]
[BlackElo "1844"]
[TimeControl "300"]
[EndTime "7:06:34 PDT"]
[Termination "Singapourfeuj won by resignation"]

1. d4 Nf6 2. Nf3 g6 3. c4 d6 4.
Nc3 Bg7 5. e4 O-O 6. Be2 e5 7.
d5 Nbd7 8. O-O h6 9. b4 a5 10. b5 b6 11. Be3 Kh7 12. Rb1 Ng4 13. Bd2 Nc5 14. h3 Nf6 15. Qc2 Nh5 16. Be3 Kh8 17. Nd2 Nf4 18. Bxf4 exf4 19. Na4 f5 20. Nxc5 bxc5 21.
exf5 Bxf5 22. Bd3 Qd7 23. Bxf5 Rxf5 24. b6 cxb6 25. Rxb6 Raf8 26. Nf3 g5 27. Rfb1 Qf7 28.
Rb7 Qh5 29. Rd7 R5f6 30. Rbb7 R6f7 31. Qe4 g4 32. hxg4 Qxg4 33. Rxf7 1-0

[Event "Live Chess"]
[Site "Chess.com"]
[Date "2023.05.21"]
[Round "-"]
[White "ProfPoisson"]
[Black "Dark_Night123"]
[Result "0-1"]
[WhiteElo "1218"]
[BlackElo "1566"]
[TimeControl "300"]
[EndTime "7:07:14 PDT"]
[Termination "Dark_Night123 won by resignation"]

1. e4 e5 2. Nf3 Nc6 3. d4 exd4 4. Bc4 Nf6 5. Ng5 d5 6. exd5 Nxd5 7. Qf3 Be6 8. O-O Be7 9. Nxe6 fxe6 10. Re1 Qd7 11. Nd2 O-O-O 12. Nb3 Rhf8 13. Qg4 Bd6 14. Qxe6 Qxe6 15.
Rxe6 Nf4 16. Bxf4 Bxf4 17. Re4 Ne5 18. Be6+ Nd7 19. Nxd4 Rde8 20. Bxd7+ Kxd7 21. Rxe8 Rxe8 22. g3 Be5 23. c3 Bxd4 24. cxd4 Re2 25. Rb1 Rd2 26. f4 Rxd4 27. Kf2 Rd2+ 28. Kg1 Kd6 29. a3 c6 30. b4 Rd3 31. a4 Kd5 32. Kg2 Kc4 33.
Kh3 Rb3 34. Re1 Kxb4 35. Re7 Kxa4 36. Rxg7 c5 37. Rxh7 c4 38. Rc7 c3 39. Rc4+ Kb5 40.
Re4 Rb4 41. Re1 c2 42. Rc1 Rc4 43. f5 Kb4 44. f6 Kb3 45. g4 Kb2 46. f7 Rf4 47.
Rg1 Rxf7 0-1

[Event "Live Chess"]
[Site "Chess.com"]
[Date "2023.05.21"]
[Round "-"]
[White "Ferrarifan27"]
[Black "FailsGambits"]
[Result "1-0"]
[WhiteElo "2055"]
[BlackElo "1328"]
[TimeControl "300"]
[EndTime "7:07:19 PDT"]
[Termination "Ferrarifan27 won by resignation"]

1. e4 e5 2. Nf3 Nc6 3. Bb5 a6 4. Ba4 Be7 5. O-O Nf6 6. Re1 b5 7. Bb3 O-O 8. c3 d5 9. exd5 Nxd5 10. Nxe5 Nxe5 11. Rxe5 Be6 12. Qf3 Bf6 13. Rxd5 Bxd5 14. Bxd5 Rc8 15. d4 c6 16. Bxc6 Qc7 17. Be4 Rfe8 18. Bf4 Qe7 19. Nd2 Rc6 20. Bxc6 1-0

[Event "Live Chess"]
[Site "Chess.com"]
[Date "2023.05.21"]
[Round "-"]
[White "Long1968"]
[Black "viktorskliarov"]
[Result "0-1"]
[WhiteElo "958"]
[BlackElo "2651"]
[TimeControl "300"]
[EndTime "7:07:22 PDT"]
[Termination "viktorskliarov won on time"]

1. e4 c5 2. c3 d6 3. d4 Nf6 4. dxc5 Nc6 5. cxd6 Nxe4 6. Bf4 e5 7.
Bg3 Nxg3 8. hxg3 Bxd6 9. Qd3 Qe7 10. Rxh7 Rxh7 11. Qxh7 Be6 12. Qh8+ Qf8 13. Qxf8+ Kxf8 14. Nd2 Bc5 15. Ne4 Bb6 16. b3 f6 17. Nd6 Ke7 18. Rd1 Rb8 19. Bb5 a6 20. Bxc6 bxc6 21. Ne4 Bd5 22. Nd2 Bxg2 0-1

[Event "Live Chess"]
[Site "Chess.com"]
[Date "2023.05.21"]
[Round "-"]
[White "Conradical12"]
[Black "elephantgerrald"]
[Result "1-0"]
[WhiteElo "1548"]
[BlackElo "667"]
[TimeControl "300"]
[EndTime "7:07:26 PDT"]
[Termination "Conradical12 won by checkmate"]

1. e4 e6 2. Nf3 d5 3. exd5 Qxd5 4. Nc3 Qd6 5. Nb5 Qd5 6. Nxc7+ Kd7 7. Nxd5 exd5 8.
Ne5+ Kd6 9. Nxf7+ Kc5 10. Nxh8 Bd7 11. d4+ Kd6 12. Bf4+ Kc6 13. a4 Na6 14. Bb5+ Kb6 15. Bxd7 Rd8 16. Qd3 Rxd7 17. Qb5# 1-0

[Event "Live Chess"]
[Site "Chess.com"]
[Date "2023.05.21"]
[Round "-"]
[White "OleksiyJr1"]
[Black "Ian-Morley"]
[Result "1-0"]
[WhiteElo "1035"]
[BlackElo "1077"]
[TimeControl "300"]
[EndTime "7:07:38 PDT"]
[Termination "OleksiyJr1 won by resignation"]

1. e4 g6 2. Nf3 Bg7 3. Nc3 d6 4. d4 Bg4 5. h3 Bxf3 6. Qxf3 e5 7. d5 Qf6 8. Bd3 Qxf3 9. gxf3 Nf6 10. Be3 O-O 11.
O-O-O Nbd7 12. Kb1 a6 13. f4 b5 14. a3 Rab8 15. fxe5 Nxe5 16. f4 Nxd3 17. Rxd3 a5 18. Bd4 b4 19. axb4 axb4 20. Na2 Nxe4 21. Re1 Nf2 22.
Bxf2 Rfe8 23. Rxe8+ Rxe8 24. Rb3 Bh6 25. Bg3 g5 26.
fxg5 Bxg5 27. Nxb4 f5 28. h4 f4 29. Bf2 Bf6 30.
Rf3 Be5 31. Nd3 Rb8 32. Nxe5 dxe5 33. b3 Kf7 34. Bc5 Rb5 35. b4 h5 36. c3 Kg6 37. d6 cxd6 38. Bxd6 Rd5 39. Bc5 Rd2 40.
b5 Kf5 41. b6 e4 42. Rf1 Rd7 43. Ka2 e3 44. Bxe3 Kg4 45. Rxf4+ Kg3 46. c4 Rd8 47. c5 Ra8+ 48. Kb3 1-0

[Event "Live Chess"]
[Site "Chess.com"]
[Date "2023.05.21"]
[Round "-"]
[White "AttackingSnowLeopard"]
[Black "elizaveta_frundina"]
[Result "1-0"]
[WhiteElo "2170"]
[BlackElo "1567"]
[TimeControl "300"]
[EndTime "7:07:43 PDT"]
[Termination "AttackingSnowLeopard won by resignation"]

1. c4 g6 2. Nf3 Bg7 3. g3 Nf6 4. Bg2 c6 5. O-O O-O 6. d3 d5 7. Nc3 d4 8. Nb1 Nbd7 9. Nbd2 e5 10. e4 Re8 11. h3 Nc5 12. Qe2 h6 13. Nh2 Kh7 14.
b4 Na4 15. Nb3 Nc3 16. Qd2 Qc7 17. Bb2 Na4 18. f4 Nxb2 19. Qxb2 Nh5 20. Qf2 exf4 21. gxf4 f5 22. e5 Be6 23. Nxd4 Rad8 24. Nxe6 Rxe6 25.
d4 g5 26. d5 cxd5 27. cxd5 Rg6 28. Rac1 Qe7 29. d6 Qd7 30. Rc7 Qb5 31. Rxb7 Qa4 32.
Qxa7 Qxa7+ 33. Rxa7 gxf4 34. Nf3 Ng3 35. Rd1 Ne4 36. b5 Rc8 37. Nh4 Rg3 38. Nxf5 Rg5 39. Nxg7 Rxg7 40. Rxg7+ Kxg7 41. Bxe4 1-0

[Event "Live Chess"]
[Site "Chess.com"]
[Date "2023.05.21"]
[Round "-"]
[White "Olisingapore"]
[Black "diana21strabt"]
[Result "1-0"]
[WhiteElo "1792"]
[BlackElo "1756"]
[TimeControl "300"]
[EndTime "7:07:44 PDT"]
[Termination "Olisingapore won by resignation"]

1. d4 Nf6 2. c4 g6 3. g3 Bg7 4.
Bg2 O-O 5. Nf3 c6 6. O-O d5 7. Nc3 e6 8. Re1 Nbd7 9. Qb3 Qb6 10. c5 Qxb3 11. axb3 b6 12. cxb6 Nxb6 13. Bf4 Rd8 14.
Bc7 Bd7 15. Bxd8 Rxd8 16. Rxa7 Nc8 17. Ne5 Nd6 18. Rea1 Be8 19. Ra8 Rxa8 20. Rxa8 Kf8 21. Na4 Ke7 22. Nc5 Nfe4 23. Ra7+ Kf8 24. Ncd7+ Kg8 25.
Bxe4 Nxe4 26. Nxc6 Bxd7 27. Rxd7 Nd2 28. Rd8+ Bf8 29.
b4 Kg7 30. b5 Nc4 31. Ne5 Nxe5 32. dxe5 Be7 33. Rd7 Bc5 34. Rc7 Bd4 35. Rc6 Bxe5 36. b6 Bxb2 37. b7 Be5 38. Rc8 h5 39. b8=Q Bxb8 40.
Rxb8 Kf6 41. Kg2 e5 42. Rb6+ Kg5 43. Kf3 f5 44. h4+ Kh6 45. Rb5 1-0

[Event "Live Chess"]
[Site "Chess.com"]
[Date "2023.05.21"]
[Round "-"]
[White "CheckThis4"]
[Black "Tushinskiy"]
[Result "1-0"]
[WhiteElo "2526"]
[BlackElo "2219"]
[TimeControl "300"]
[EndTime "7:07:53 PDT"]
[Termination "CheckThis4 won by resignation"]

1. d4 d5 2. Nc3 c6 3. e4 dxe4 4. Nxe4 Nf6 5. Nxf6+ gxf6 6. Nf3 Bf5 7. g3 Nd7 8. Bg2 Bg6 9. O-O h5 10. Nh4 Bg7 11. c3 Qc7 12. Re1 Kf8 13. Bf4 e5 14.
dxe5 fxe5 15. Be3 Kg8 16. Nxg6 fxg6 17. Be4 Nf8 18. Qe2 h4 19. Rad1 Qf7 20. Bc2 Ne6 21.
Qg4 Re8 22. Bxg6 Qe7 23. Bxe8 Qxe8 24. Rd6 Nf8 25. Red1 hxg3 26. hxg3 Qf7 27. Rd8 Qh5 28. Qxh5 1-0

[Event "Live Chess"]
[Site "Chess.com"]
[Date "2023.05.21"]
[Round "-"]
[White "JanMur7"]
[Black "atunnacl"]
[Result "1-0"]
[WhiteElo "1971"]
[BlackElo "1691"]
[TimeControl "300"]
[EndTime "7:07:54 PDT"]
[Termination "JanMur7 won on time"]

1. e4 c5 2. d4 cxd4 3. c3 dxc3 4. Nxc3 d6 5. Bc4 e6 6. Nf3 Nf6 7. Bf4 Be7 8. e5 dxe5 9. Qxd8+ Bxd8 10. Bxe5 Nc6 11. Bd6 a6 12. O-O Be7 13. Bxe7 Nxe7 14.
Bb3 b5 15. a4 b4 16. Ne2 Bb7 17.
Ne5 Rd8 18. Rfd1 O-O 19. Rac1 Ned5 20. Bxd5 Nxd5 21. Nd3 a5 22. Nc5 Bc6 23. Nxe6 fxe6 24. Rxc6 e5 25. Rcc1 Nf4 26. Nxf4 exf4 27. h4 Rxd1+ 28.
Rxd1 Re8 29. Kf1 Re5 30. Rd4 Rf5 31. Ke2 Kf7 32. Kf3 Kg6 33. Rxf4 Rc5 34. Re4 Kh5 35. g3 g5 36. hxg5 Kxg5 37. b3 Rc3+ 38. Re3 Rc5 39. Kg2 h5 40. Rf3 Rd5 41. Rf8 Rd6 42. Rg8+ Kh6 43.
Ra8 Rd5 44. Rf8 Kg5 45. Rf3 Kh6 46. Re3 Kg5 47. Kh3 Kf5 48. Kg2 Rd2 49. Re8 Rd5 50. Rh8 Kg4 51. Rb8 Kg5 52. Rb5 Rf5 53. Rxf5+ Kxf5 54.
Kf3 Ke5 55. Ke3 Kf5 56. f3 Ke5 57. g4 hxg4 58. fxg4 Kf6 59. Kf4 Kg6 60. g5 Kf7 61.
Kf5 Kg7 62. Ke5 Kg6 63. Kd5 Kxg5 64. Kc5 Kf4 65. Kb5 1-0

[Event "Live Chess"]
[Site "Chess.com"]
[Date "2023.05.21"]
[Round "-"]
[White "Man-Del-Brot"]
[Black "stevochess11"]
[Result "1-0"]
[WhiteElo "1061"]
[BlackElo "1674"]
[TimeControl "300"]
[EndTime "7:07:56 PDT"]
[Termination "Man-Del-Brot won - game abandoned"]

1. g4 d5 2. Bg2 Bxg4 3. c4 c6 4. cxd5 cxd5 5. Qb3 Qd7 6. Qxd5 Qxd5 7. Bxd5 Nc6 8. Nc3 O-O-O 9. Bxc6 bxc6 10. b4 e5 11. a3 Nf6 12. d3 c5 13. bxc5 Bxc5 14. Bg5 Bd4 15. Rc1 Bxc3+ 16. Rxc3+ Kb8 17. f3 Be6 18. Nh3 Bxh3 19. Kf2 Rd6 20. Rb1+ Ka8 21. Bxf6 Rxf6 22. Kg3 Bd7 23. Rc7 Bc6 24. Rc1 Bb7 25. Rd7 Rc8 26. Rxc8+ Bxc8 27. Rd8 Kb7 28. h4 h5 29. Re8 Rg6+ 30. Kf2 f6 31. e4 Bh3 32. Ke3 Rg1 33. Re7+ 1-0

[Event "Live Chess"]
[Site "Chess.com"]
[Date "2023.05.21"]
[Round "-"]
[White "Mugzwang"]
[Black "HonestJoe1"]
[Result "0-1"]
[WhiteElo "1476"]
[BlackElo "2092"]
[TimeControl "300"]
[EndTime "7:08:07 PDT"]
[Termination "HonestJoe1 won by resignation"]

1. Nf3 c5 2. c4 Nf6 3. Nc3 g6 4. g3 Bg7 5. Bg2 O-O 6. O-O Nc6 7. d4 cxd4 8. Nxd4 Ng4 9. Nxc6 dxc6 10. e4 Be6 11.
Qe2 Ne5 12. b3 Qd3 13. Qxd3 Nxd3 14. Bd2 Rfd8 15. f4 Bd4+ 16. Kh1 Nf2+ 17. Kg1 Nxe4+ 18. Kh1 Nxd2 19. Rac1 0-1

[Event "Live Chess"]
[Site "Chess.com"]
[Date "2023.05.21"]
[Round "-"]
[White "chrisbradgate"]
[Black "gmnorfolk"]
[Result "0-1"]
[WhiteElo "864"]
[BlackElo "2137"]
[TimeControl "300"]
[EndTime "7:08:28 PDT"]
[Termination "gmnorfolk won by checkmate"]

1. d4 Nf6 2. Bf4 g6 3. e3 d6 4.
c3 Bg7 5. Nf3 O-O 6. Bd3 Nbd7 7.
O-O c5 8. e4 cxd4 9. cxd4 b6 10.
Qd2 Bb7 11. Bh6 e5 12. Bxg7 Kxg7 13. dxe5 dxe5 14. Re1 Qe7 15. Bb5 Nc5 16. Bd3 Rfd8 17. Qg5 Nxd3 18. Re3 h6 19. Qg3 Nh5 20. Qh4 Qxh4 21.
Nxh4 Nxb2 22. g3 Rd1+ 23. Kg2 Rc8 24. Rc3 Rxc3 25. Nxc3 Rxa1 26. Nd5 Bxd5 27. exd5 Rd1 28. f3 Rxd5 29. Kh3 Rd2 30. a4 f5 31. g4 Nf4+ 32.
Kg3 Kf6 33. h3 Rg2+ 34. Nxg2 Nxg2 35. Kxg2 e4 36. fxe4 fxe4 37. Kf2 Nxa4 38. Ke3 Ke5 39. Kd2 Kd4 40. Ke2 g5 41. Kd2 e3+ 42. Ke2 Ke4 43.
Kd1 Kd3 44. Ke1 e2 45. Kf2 Kd2 46. Kf3 e1=Q 47. h4 Qe3+ 48. Kg2 Qf4 49. Kg1 Ke2 50. hxg5 Qg3+ 51. Kh1 Kf1 52. gxh6 Qh4# 0-1